AoeStats
← eyupfc

Black Forest

509633639Analyzed
4v4 RM · 5d ago on Sep 27, 2026· 45m 34s· 8 players
Game mode
Random Map
Map size
Large (8 player)
Population
200
Speed
Normal
Resources
Standard
Victory
Conquest
Starting age
Dark Age
Ending age
Imperial Age
RankedLock teamsTeams togetherTeam positionsShared explorationLock speedFull tech treeHidden civsTurbo modeCheats
Victory
Defeat
🇹🇼 Spanish · Taiwan
1200
+14
🇷🇺 Slavs · Russia
1186
+15
🇷🇴 Aztecs · Romania
1170
+15
🇹🇷 Danes · Türkiye
1167
+15
🇩🇪 Turks · Germany
1208
-17
🇩🇪 Gurjaras · Germany
1201
-16
🇩🇪 Bohemians · Germany
1122
-14
🇩🇪 Teutons · Germany
1095
-12
Sega Mega Drive
3:27 Loom
11:32 Feudal Age
12:30 Horse Collar
12:38 Double-Bit Axe
17:39 Castle Age
17:42 Stone Mining
17:43 Gold Mining
19:48 Gold Shaft Mining
19:19 Heavy Plow
20:41 Bow Saw
23:15 Wheelbarrow
22:26 Town Watch
30:40 Imperial Age
28:28 Hand Cart
29:35 Bloodlines
29:25 Husbandry
29:35 Husbandry
30:07 Forging
29:51 Light Cavalry
31:12 Hussar
32:49 Scale Barding Armor
34:36 Crop Rotation
35:07 Two-Man Saw
35:41 Chain Barding Armor
35:57 Iron Casting
37:41 Plate Barding Armor
37:08 Scale Mail Armor
40:12 Conscription
39:15 Heavy Scorpion
40:17 Fletching
41:28 Blast Furnace
39:53 Onager
41:20 Elite Boyar
41:31 Cavalier
42:46 Ballistics
綾瀨 奏
1:06 Loom
14:11 Feudal Age
15:54 Wheelbarrow
18:33 Castle Age
16:25 Gold Mining
20:32 Horse Collar
25:12 Double-Bit Axe
29:28 Heavy Plow
29:39 Padded Archer Armor
33:47 Stone Mining
35:19 Husbandry
35:29 Bloodlines
39:07 Caravan
40:01 Hand Cart
43:18 Imperial Age
43:38 Elite Conquistador
44:39 Conscription
44:55 Hoardings
43:51 Sappers
44:51 Supremacy
45:59 Leather Archer Armor
45:06 Capped Ram
el mangonel
11:07 Loom
13:05 Feudal Age
15:54 Horse Collar
18:53 Castle Age
19:39 Double-Bit Axe
19:56 Heavy Plow
19:47 Gold Mining
19:48 Stone Mining
20:46 Bow Saw
24:07 Gold Shaft Mining
25:38 Wheelbarrow
25:05 Town Watch
29:20 Imperial Age
27:49 Scale Mail Armor
28:00 Forging
29:12 Chain Mail Armor
29:37 Coinage
29:09 Caravan
30:31 Iron Casting
30:52 Plate Mail Armor
30:18 Eagle Warrior
33:13 Hand Cart
34:40 Squires
34:00 Pikeman
35:50 Crop Rotation
36:11 Conscription
35:29 Capped Ram
37:39 Siege Ram
39:43 Blast Furnace
39:36 Garland Wars
39:54 Town Patrol
39:37 Treadmill Crane
41:09 Elite Eagle Warrior
41:36 Arson
41:59 Elite Jaguar Warrior
eyupfc
0:28 Loom
11:26 Feudal Age
12:58 Double-Bit Axe
15:46 Castle Age
13:54 Horse Collar
17:02 Bow Saw
17:57 Gold Mining
27:54 Squires
27:41 Arson
27:42 Gambesons
27:59 Scale Mail Armor
28:09 Forging
29:15 Gold Shaft Mining
30:00 Chain Mail Armor
32:18 Iron Casting
35:28 Hamask
41:03 Imperial Age
42:38 Conscription
41:58 Elite Jomsviking
42:54 Heavy Plow
43:32 Elite Varangian Guard
45:21 Capped Ram
46:39 Plate Mail Armor
47:09 Blast Furnace
Nici
6:48 Loom
10:55 Feudal Age
13:05 Horse Collar
15:44 Castle Age
15:33 Double-Bit Axe
16:56 Bow Saw
17:18 Heavy Plow
23:49 Scale Barding Armor
23:55 Forging
24:57 Fervor
27:51 Chain Barding Armor
27:53 Bloodlines
27:44 Husbandry
28:38 Wheelbarrow
30:41 Hand Cart
30:12 Town Watch
31:17 Iron Casting
31:53 Husbandry
35:43 Imperial Age
33:41 Fletching
33:52 Padded Archer Armor
35:09 Gold Mining
35:09 Stone Mining
35:20 Bodkin Arrow
35:41 Leather Archer Armor
36:57 Crop Rotation
36:52 Kshatriyas
37:02 Thumb Ring
38:20 Plate Barding Armor
37:45 Bracer
39:29 Elite Elephant Archer
40:11 Light Cavalry
43:19 Hussar
44:14 Caravan
44:35 Town Patrol
Schlumpf
2:58 Loom
13:21 Feudal Age
18:01 Castle Age
23:36 Imperial Age
22:41 Padded Archer Armor
22:33 Fletching
37:34 Padded Archer Armor
40:25 Leather Archer Armor
doo
10:42 Feudal Age
15:52 Castle Age
15:19 Double-Bit Axe
15:29 Gold Mining
15:23 Horse Collar
16:13 Town Watch
17:12 Bow Saw
17:41 Stone Mining
24:25 Pikeman
24:50 Gambesons
24:51 Arson
28:04 Stone Shaft Mining
28:23 Scale Mail Armor
28:33 Forging
28:29 Scale Barding Armor
30:32 Wheelbarrow
30:41 Bloodlines
32:49 Crossbowman
34:35 Town Patrol
35:05 Fletching
35:16 Padded Archer Armor
35:36 Padded Archer Armor
36:00 Bodkin Arrow
40:17 Imperial Age
38:31 Chain Mail Armor
38:52 Iron Casting
38:33 Leather Archer Armor
39:46 Ballistics
39:37 Fortified Wall
41:59 Chemistry
41:05 Siege Engineers
40:27 Cavalier
41:36 Hand Cart
41:06 Loom
44:40 Crenellations
44:56 Hoardings
JohnnyBeGood
2:01 Loom
11:06 Feudal Age
14:57 Castle Age
13:36 Double-Bit Axe
14:11 Horse Collar
16:11 Bow Saw
29:46 Imperial Age
27:33 Fletching
29:16 Chemistry
29:11 Wheelbarrow
28:40 Heavy Plow
29:50 Masonry
31:47 Squires
32:50 Padded Archer Armor
39:26 Hand Cart
39:43 Fletching
Connection lost

Rejoining the realm…

Still unreachable

The connection could not be restored.

Session expired

The server has moved on; the page needs a fresh start.